Map: 2000 Atmospheres LE

Players

Bunny - Winner!

  • Race: Terran Terran

Rogue

  • Race: Zerg Zerg

Event: IEM Katowice 2022

VOD

Have the link to the VOD?

Description

Time

  • Played on: Feb. 26, 2022, 5:34 p.m.
  • Length: 11:11

All games in this series

Show
View Real Time Build Order
Export as new Build Order

Bunny Terran - Winner!

Build Orders:  

Get SALT Encoding   

  12  0:00  SCV  
  13  0:12  SCV  
  14  0:17  Supply Depot  
  14  0:24  SCV  
  15  0:39  SCV  
  15  0:40  Barracks  
  16  0:52  Barracks  
  16  1:04  Barracks  
  16  1:08  SCV  
  17  1:21  SCV  
  18  1:27  Marine  
  19  1:33  Orbital Command  
  19  1:37  Supply Depot  
  19  1:39  Marine  
  20  1:44  Marine  
  21  1:51  Marine  
  22  1:55  Bunker  
  22  1:58  Marine  
  23  2:02  Marine  
  24  2:09  Marine  
  24  2:15  SCV  
  25  2:16  Marine  
  25  2:20  Marine  
  25  2:27  Marine  
  25  2:31  SCV  
  25  2:34  Marine  
  25  2:38  Marine  
  24  2:44  SCV  
  24  2:45  Marine  
  26  2:51  Refinery  
  26  2:52  Marine  
  26  2:57  SCV  
  28  3:01  Marine  
  28  3:10  Command Center  
  27  3:13  SCV  
  27  3:19  Refinery  
  28  3:25  SCV  
  29  3:36  Supply Depot  
  29  3:37  SCV  
  30  3:49  SCV  
  30  3:51  Factory  
  31  4:01  SCV  
  32  4:09  Command Center  
  32  4:13  SCV  
  32  4:17  Barracks Tech Lab  
  33  4:22  Orbital Command  
  33  4:25  SCV  
  34  4:38  SCV, Starport  
  35  4:41  Barracks Tech Lab  
  35  4:49  SCV  
  35  4:50  SCV  
  37  4:54  Barracks Reactor  
  37  4:56  Hellion  
  39  5:00  Marine, Stimpack  
  39  5:02  SCV x2  
  42  5:14  Banshee, SCV x2  
  46  5:17  Barracks, Marine  
  48  5:27  SCV x2  
  46  5:36  SCV  
  46  5:38  Factory Reactor  
  46  5:39  SCV, Marine x3  
  51  5:46  SCV  
  52  5:53  SCV  
  52  5:54  Orbital Command  
  52  5:56  Engineering Bay  
  52  5:59  SCV, Marine x3  
  56  6:05  SCV  
  56  6:06  Starport Reactor  
  56  6:11  SCV  
  58  6:12  Refinery  
  58  6:14  Barracks  
  58  6:19  Barracks  
  58  6:20  SCV x2  
  58  6:23  SCV, Terran Infantry Weapons Level 1  
  61  6:28  Siege Tank  
  61  6:29  Marine x3  
  67  6:36  Marine x2  
  69  6:43  Supply Depot  
  69  6:45  Combat Shield  
  69  6:46  Supply Depot  
  69  6:47  Orbital Command  
  69  6:56  Supply Depot  
  69  7:04  Marine x5, Medivac  
  69  7:07  Medivac, Siege Tank  
  81  7:09  Supply Depot, Marine  
  81  7:10  Marine  
  81  7:13  SCV  
  81  7:15  SCV  
  85  7:18  Refinery  
  85  7:22  Marine x5  
  90  7:27  Marine x2  
  92  7:34  Medivac  
  94  7:37  Medivac  
  94  7:40  Marine x2  
  98  7:44  Marine x3  
  98  7:45  Supply Depot, Marine x2  
  101  7:54  Supply Depot  
  101  7:55  Siege Tank  
  101  7:58  Marine x2  
  106  8:02  Marine x3  
  109  8:06  Marine x2  
  99  8:15  SCV, Marine x2  
  99  8:20  Marine x3  
  99  8:22  Medivac  
  99  8:23  Medivac  
  99  8:24  Marine x2  
  105  8:33  Marine  
  96  8:34  Marauder  
  96  8:36  Terran Infantry Armor Level 1  
  96  8:37  Marine  
  96  8:38  Marine x2  
  95  8:42  Marine x2  
  92  8:51  Marine  
  92  8:54  SCV x2  
  92  8:55  SCV, Marine x4  
  93  8:59  Marine x2  
  93  9:02  Siege Tank  
  92  9:09  Marine  
  92  9:10  Medivac  
  92  9:12  Marine  
  92  9:13  Marine x3  
  92  9:16  Liberator  
  101  9:17  Marine x2  
  97  9:27  Marine  
  97  9:30  Marine  
  97  9:31  Marine x3  
  91  9:33  SCV  
  91  9:34  Siege Tank  
  91  9:38  Concussive Shells  
  100  9:39  Barracks Reactor, Barracks Tech Lab, SCV  
  100  9:40  SCV  
  100  9:45  SCV, Marine  
  102  9:49  Marine x3, Marauder  
  107  9:53  SCV x2  
  107  9:57  SCV  
  107  9:58  Supply Depot  
  107  9:59  Supply Depot, Armory  
  110  10:01  Marauder  
  110  10:02  Marine  
  110  10:06  Marine, Siege Tank  
  117  10:07  Marine  
  117  10:10  Marauder  
  117  10:13  Marine  
  113  10:15  Medivac  
  113  10:17  SCV  
  113  10:18  SCV x2  
  113  10:20  Marine  
  119  10:21  Marine x2  
  119  10:22  Supply Depot  
  119  10:23  Marauder  
  119  10:24  Marine x2  
  119  10:25  Refinery  
  119  10:28  Supply Depot  
  125  10:29  Supply Depot  
  125  10:30  SCV  
  125  10:31  SCV x2, Marauder  
  130  10:38  Siege Tank  
  130  10:40  Marine  
  133  10:44  Marauder  
  128  10:51  Marine x5  
Show
View Real Time Build Order
Export as new Build Order

Rogue Zerg 

Build Orders: Hatch First 

Get SALT Encoding   

  12  0:00  Drone  
  13  0:12  Overlord  
  13  0:16  Drone  
  14  0:30  Drone  
  14  0:31  Drone  
  16  0:48  Hatchery  
  15  0:50  Drone  
  15  0:54  Drone  
  15  0:57  Drone  
  18  1:07  Extractor  
  17  1:12  Spawning Pool  
  17  1:15  Drone  
  17  1:19  Drone  
  18  1:27  Drone  
  19  1:38  Drone  
  20  1:49  Drone  
  21  2:00  Queen x2, Spine Crawler  
  24  2:04  Zergling x4  
  26  2:14  Zergling x2  
  24  2:22  Drone  
  24  2:30  Zergling x4  
  24  2:35  Zergling x2  
  25  2:44  Zergling x2  
  25  2:51  Drone  
  26  2:59  Overlord  
  26  3:03  Drone  
  24  3:05  Zergling x2  
  25  3:16  Drone x3  
  28  3:24  Drone x2  
  30  3:35  Metabolic Boost  
  30  3:36  Drone x2  
  30  3:40  Overlord  
  32  3:45  Zergling x2  
  32  3:46  Zergling x2  
  33  3:48  Zergling x2  
  33  3:51  Zergling x2  
  35  4:01  Zergling x2  
  35  4:02  Zergling x6  
  39  4:09  Drone x2  
  41  4:12  Overlord  
  41  4:16  Drone x2  
  43  4:20  Overlord  
  43  4:26  Overlord  
  43  4:34  Drone x5  
  48  4:45  Hatchery  
  47  4:53  Roach Warren, Drone  
  47  4:54  Drone  
  47  4:58  Drone  
  49  5:04  Drone  
  49  5:05  Drone x4  
  54  5:11  Queen  
  56  5:15  Drone x2  
  58  5:25  Drone x2  
  59  5:35  Extractor  
  60  5:36  Roach x4, Extractor  
  60  5:39  Overlord  
  60  5:42  Overlord  
  67  5:48  Lair  
  65  5:50  Drone x3  
  65  5:52  Overlord  
  65  5:56  Queen  
  70  5:58  Drone x2  
  70  6:01  Drone x2  
  74  6:07  Spore Crawler, Extractor  
  70  6:11  Spore Crawler  
  70  6:14  Spore Crawler  
  70  6:15  Drone  
  70  6:16  Drone x4  
  73  6:19  Drone  
  73  6:22  Drone  
  73  6:23  Drone  
  73  6:24  Drone x2  
  78  6:26  Drone  
  78  6:32  Drone x2  
  81  6:33  Spore Crawler  
  81  6:34  Drone x2  
  81  6:38  Drone x2  
  84  6:41  Evolution Chamber  
  84  6:42  Evolution Chamber  
  82  6:48  Drone  
  82  6:49  Drone  
  82  6:51  Overseer, Overlord, Extractor x2, Glial Reconstitution  
  84  6:54  Roach  
  84  6:57  Roach x2  
  84  7:01  Roach x2  
  91  7:03  Roach  
  91  7:05  Roach  
  95  7:13  Roach x4  
  95  7:14  Roach  
  104  7:17  Zerg Ground Armor Level 1  
  104  7:20  Zerg Missile Weapons Level 1  
  104  7:21  Overseer  
  104  7:24  Drone  
  104  7:25  Overlord  
  105  7:34  Overlord x2  
  105  7:43  Infestation Pit  
  104  7:45  Drone x9  
  113  7:51  Overlord  
  113  7:55  Ravager x7  
  120  8:00  Roach x3  
  120  8:01  Roach  
  120  8:05  Overlord  
  128  8:10  Roach x5  
  128  8:13  Roach  
  128  8:19  Roach x2  
  129  8:22  Roach x4  
  129  8:23  Roach  
  129  8:26  Roach  
  130  8:30  Roach x3  
  130  8:32  Roach  
  130  8:33  Roach  
  124  8:36  Roach  
  118  8:41  Roach  
  118  8:42  Roach  
  118  8:43  Roach x3  
  114  8:48  Roach  
  114  8:49  Roach  
  114  8:52  Roach  
  114  8:53  Roach x2  
  115  8:56  Roach  
  115  8:59  Roach x2  
  107  9:04  Roach  
  107  9:07  Queen x2, Ravager  
  112  9:10  Roach x2  
  112  9:13  Roach x2  
  112  9:15  Roach  
  112  9:16  Extractor  
  119  9:17  Roach  
  119  9:23  Roach x2  
  111  9:24  Roach  
  111  9:25  Roach  
  111  9:26  Roach  
  111  9:29  Roach x2  
  111  9:33  Roach  
  111  9:36  Ravager  
  114  9:40  Hatchery  
  114  9:44  Roach x2  
  117  9:49  Roach x3  
  117  9:51  Roach  
  125  10:05  Roach x7  
  125  10:06  Roach  
  140  10:11  Roach  
  136  10:14  Overlord  
  136  10:17  Overlord  
  136  10:23  Overlord  
  136  10:25  Zergling x4  
  138  10:29  Overlord  
  138  10:31  Overlord  
  138  10:38  Ravager  
  138  10:39  Ravager x5  
  138  10:40  Zergling x2  
  138  10:41  Zergling x2  
  146  10:44  Extractor  
  146  10:45  Ravager  
  146  10:46  Zergling x2  
  146  10:47  Zergling x2  
  144  10:51  Ravager  
  144  10:52  Zergling x4  

Tags
 
Add a new tag
Caveats
  • Supply blocks, unpowered buildings, or Contaminate may cause inaccurate times.
  • Supply counts are checked every 10 seconds.